 Dungeon Crawl Stone Soup version 0.21.0-3-g78d12a8 (webtiles) character file.

231 tilp the Conjurer (level 5, 0/57 HPs)
             Began as a Draconian Conjurer on Jan 14, 2018.
             Slain by an orc (3 damage)
             ... on level 3 of the Dungeon.
             The game lasted 00:10:27 (2696 turns).

tilp the Conjurer (Draconian Conjurer)              Turns: 2696, Time: 00:10:27

Health: 0/57       AC: 22    Str: 11    XL:     5   Next: 73%
Magic:  2/8        EV:  2    Int: 16    God:
Gold:   94         SH:  0    Dex: 16    Spells: 5/8 levels left

rFire    . . .     SeeInvis .   a - +3 whip
rCold    . . .     Gourm    .   (no shield)
rNeg     + + +     Faith    .   (armour unavailable)
rPois    +         Spirit   .   (helmet currently unavailable)
rElec    .         Reflect  .   (cloak currently unavailable)
rCorr    .         Harm     .   (gloves currently unavailable)
MR       .....     NoTele   +   (boots currently unavailable)
Stlth    +++.......             (no amulet)
HPRegen  0.19/turn              (no ring)
MPRegen  0.11/turn              (no ring)

@: agile, tree-form, hasted, very quick
A: unfitting armour, AC +5
a: no special abilities


You were on level 3 of the Dungeon.
You were not hungry.
You were a tree.
You visited 1 branch of the dungeon, and saw 4 of its levels.

You collected 94 gold pieces.

Inventory:

Hand Weapons
 a - a +3 whip (weapon)
 b - a +0 dagger of venom
 t - a cursed -3 dagger
Missiles
 h - 15 tomahawks (quivered)
Jewellery
 d - an uncursed ring of see invisible {unknown}
 o - a +3 amulet of reflection {unknown}
Scrolls
 f - a scroll of amnesia {unknown}
 k - 4 scrolls of remove curse {unknown}
 l - a scroll of blinking {unknown}
 m - a scroll of enchant weapon {unknown}
 n - a scroll of enchant armour {unknown}
 q - 3 scrolls of identify {unknown}
 s - 2 scrolls of teleportation {unknown}
 v - a scroll of noise {unknown}
 w - a scroll of fear {unknown}
Potions
 c - 2 potions of lignification
 i - a potion of brilliance {unknown}
 p - a potion of agility
 r - a potion of haste
 u - a potion of flight {unknown}
Books
 e - a book of Conjurations

   Spells                             Type                      Level
   a - Magic Dart                     Conjuration                  1
   b - Searing Ray                    Conjuration                  2
   c - Dazzling Spray                 Conjuration/Hexes            3
   d - Fulminant Prism                Conjuration/Hexes            4
   e - Force Lance                    Conjuration/Translocation    4
   f - Iskenderun's Mystic Blast      Conjuration                  4
Comestibles
 g - 8 chunks of flesh
 j - 5 rations


   Skills:
 - Level 1.7 Dodging
 - Level 1.7 Stealth
 - Level 2.0 Spellcasting
 + Level 7.1 Conjurations


You had 5 spell levels left.
You knew the following spells:

 Your Spells              Type           Power        Failure   Level  Hunger
a - Magic Dart            Conj           ###.         1%          1    #......
b - Searing Ray           Conj           ###...       1%          2    ###....


Dungeon Overview and Level Annotations

Branches:
Dungeon (4/15)
 Temple: D:4-7

Altars:


Innate Abilities, Weirdness & Mutations

((Your plain brown scales are hard. (AC +5)))
You cannot fit into any form of body armour.
((You are cold-blooded and may be slowed by cold attacks.))


Message History

The jackal bites you but does no damage.
The orc priest shouts!
You hit the orc priest but do no damage.
The orc priest mumbles some strange prayers to Beogh against you.
Beogh smites you!
* * * LOW HITPOINT WARNING * * *
The orc completely misses you. The jackal barely misses you.
Unknown command.
You barely miss the orc priest.
The orc priest hits you but does no damage.
The jackal bites you but does no damage.
The orc hits you but does no damage.
You whack the orc priest!
The orc priest is heavily wounded.
The jackal bites you but does no damage.
The orc priest hits you but does no damage.
You whack the orc priest!
The orc priest is almost dead.
The orc hits you.
You die...

#.......# ..#. #......
#.......# #...
....###.# #.....<.#
#..# ###### ...#
#....÷..# #..#
##...#...###.#
####.##.# #..#
##........ #.#
#.##.####..# #.........
#.# #.##....#..#
#......... #..
#.#####....###.........
#$ #.#
##.#.♣h.........( #..
##...oo......#. ##
####....####.####
#.......# #)#
#.#.......####.#
#......o......o#
###................g#
###..######......g.#
#.. ..##.g.g..


You could see 2 orc priests, an orc and a jackal.

Vanquished Creatures
  An ogre (D:4)
  An orc priest (D:3)
  2 adders
  An ooze (D:1)
  3 worms (D:2)
  A dart slug (D:1)
  2 orcs (D:3)
  A ball python (D:1)
  4 giant cockroaches
  18 goblins
  10 hobgoblins
  4 jackals
  2 quokkas
  12 bats
  3 frilled lizards
  7 kobolds
  6 rats
78 creatures vanquished.

Notes
Turn   | Place    | Note
-------+----------+-------------------------------------------
     0 | D:1      | tilp the Draconian Conjurer began the quest for the Orb.
     0 | D:1      | Reached XP level 1. HP: 14/14 MP: 3/3
   547 | D:1      | Reached XP level 2. HP: 17/20 MP: 5/5
   649 | D:1      | Learned a level 2 spell: Searing Ray
   877 | D:1      | Reached skill level 5 in Conjurations
   918 | D:1      | Reached XP level 3. HP: 18/26 MP: 6/6
  1503 | D:2      | You fall through a shaft for 2 floors!
  1503 | D:4      | Noticed an ogre
  1522 | D:4      | Killed an ogre
  1522 | D:4      | Reached skill level 6 in Conjurations
  1522 | D:4      | Reached XP level 4. HP: 20/33 MP: 1/7
  1692 | D:4      | Noticed an ogre
  1702 | D:3      | Reached XP level 5. HP: 37/38 MP: 5/8
  2690 | D:3      | Reached skill level 7 in Conjurations
  2693 | D:3      | HP: 2/57 [orc priest/divine providence (12)]
  2696 | D:3      | Slain by an orc

Skill      XL: |  1  2  3  4  5 |
---------------+----------------+-----
Conjurations   | 5 6 7 |  7.1
Dodging        | |  1.7
Stealth        | |  1.7
Spellcasting   | |  2.0

Action                   |  1- 3 |  4- 6 || total
-------------------------+-------+-------++-------
Melee: Whip              |    49 |    73 ||   122
       Tailslap          |     5 |     4 ||     9
       Dagger            |     2 |       ||     2
Throw: Tomahawk          |     1 |     6 ||     7
 Cast: Magic Dart        |    27 |    22 ||    49
       Searing Ray       |     2 |     8 ||    10
  Use: Potion            |       |     3 ||     3
 Stab: Sleeping          |     2 |     2 ||     4
  Eat: Chunk             |     2 |     5 ||     7
Armor: Skin              |    14 |    36 ||    50
Dodge: Dodged            |    41 |    49 ||    90
